[Event "ICC tourney 2354 (60 10)"]
[Site "Internet Chess Club"]
[Date "2021.01.31"]
[Round "6"]
[White "SeannDSpeyer"]
[Black "JacobFeuerstein"]
[Result "1-0"]
[ICCResult "Black resigns"]
[WhiteElo "1299"]
[BlackElo "1099"]
[Opening "Dutch: stonewall with Nc3"]
[ECO "A80"]
[NIC "HD.12"]
[Time "16:01:01"]
[PlyCount "59"]
[TimeControl "3600+10"]

1. d4 f5 2. Nf3 Nf6 3. g3 e6 4. Bg2 d5 5. c4 c6 6. O-O Be7 7. Nc3 O-O 8.
Qb3 Bd7 9. Ne5 Be8 10. Qxb7 Nbd7 11. Nxc6 Qc8 12. Nxe7+ Kf7 13. Nxc8 Rxc8
14. Qxc8 dxc4 15. Qxc4 Nb6 16. Qb3 Bd7 17. d5 exd5 18. Nxd5 Nbxd5 19. Bxd5+
Nxd5 20. Qxd5+ Be6 21. Qb7+ Kg6 22. e4 fxe4 23. Qxe4+ Bf5 24. Qc6+ Rf6 25.
Qe8+ Rf7 26. b3 Kf6 27. h4 Re7 28. Bg5+ Ke5 29. Qxe7+ Be6 30. Rfe1+ { Black
resigns } 1-0

[Event "ICC tourney 2354 (60 10)"]
[Site "Internet Chess Club"]
[Date "2021.01.31"]
[Round "6"]
[White "shakuntala"]
[Black "TommyBrady1"]
[Result "1-0"]
[ICCResult "Black checkmated"]
[WhiteElo "1160"]
[BlackElo "869"]
[Opening "Sicilian defense"]
[ECO "B20"]
[NIC "SI.48"]
[Time "16:00:13"]
[PlyCount "49"]
[TimeControl "3600+10"]

1. e4 c5 2. c4 Nc6 3. g3 g6 4. Bg2 Bg7 5. Ne2 d6 6. Nbc3 Bg4 7. O-O Nf6 8.
d3 O-O 9. h3 Bd7 10. f4 a6 11. g4 Rb8 12. a4 Nd4 13. Nxd4 cxd4 14. Nd5 Nxd5
15. cxd5 b5 16. axb5 axb5 17. f5 Ra8 18. Rxa8 Qxa8 19. Bd2 Qa4 20. Qc1 Qa7
21. Bh6 Bxh6 22. Qxh6 Qa2 23. g5 Kh8 24. fxg6 fxg6 25. Rxf8# { Black
checkmated } 1-0

[Event "ICC tourney 2354 (60 10)"]
[Site "Internet Chess Club"]
[Date "2021.01.31"]
[Round "6"]
[White "dontbliink"]
[Black "lemonbar"]
[Result "1-0"]
[ICCResult "Black checkmated"]
[WhiteElo "902"]
[BlackElo "822"]
[Opening "Four knights: Ranken variation"]
[ECO "C48"]
[NIC "KP.03"]
[Time "16:01:02"]
[PlyCount "39"]
[TimeControl "3600+10"]

1. e4 e5 2. Nf3 Nc6 3. Nc3 Nf6 4. Bb5 a6 5. Bxc6 dxc6 6. Nxe5 Qd4 7. Nf3
Qd8 8. d4 Bb4 9. Bg5 O-O 10. e5 h6 11. Bh4 g5 12. Bg3 Ne4 13. Qd3 c5 14.
Qxe4 cxd4 15. Nxd4 Re8 16. O-O f6 17. Nd5 fxe5 18. Bxe5 Be7 19. Qg6+ Kf8
20. Qg7# { Black checkmated } 1-0

[Event "ICC tourney 2354 (60 10)"]
[Site "Internet Chess Club"]
[Date "2021.01.31"]
[Round "6"]
[White "FireballCaden"]
[Black "KevKing"]
[Result "1-0"]
[ICCResult "Black checkmated"]
[WhiteElo "1540"]
[BlackElo "1345"]
[Opening "English: Carls' Bremen system"]
[ECO "A22"]
[NIC "EO.10"]
[Time "16:01:02"]
[PlyCount "119"]
[TimeControl "3600+10"]

1. c4 Nf6 2. Nc3 e5 3. g3 Nc6 4. Bg2 Bc5 5. e4 d6 6. Nge2 Be6 7. d3 Nd4 8.
O-O O-O 9. a3 a5 10. h3 Qd7 11. Kh2 Nh5 12. f4 exf4 13. gxf4 f5 14. Nxd4
Bxd4 15. Qxh5 g6 16. Qg5 Bf6 17. Qg3 Rae8 18. Nd5 Bxd5 19. cxd5 Qg7 20. Rb1
fxe4 21. dxe4 b6 22. f5 g5 23. Kh1 Be5 24. Qxg5 Qxg5 25. Bxg5 Bf6 26. Bxf6
Rxf6 27. Rbc1 Re7 28. Rf4 Kf8 29. Rg4 Kf7 30. Rc6 Kf8 31. Rg3 Ke8 32. Rgc3
Kd8 33. Kh2 Rg7 34. Rg3 Rff7 35. Rcc3 Ke8 36. Rxg7 Rxg7 37. Rg3 Rf7 38. Bf3
Kd7 39. Rg5 Kc8 40. Bh5 Re7 41. Rg4 Kb7 42. Rf4 Rd7 43. Be8 Rd8 44. Bc6+
Ka6 45. f6 Rf8 46. f7 Ka7 47. Be8 Kb8 48. Rh4 Kc8 49. Rxh7 Kd8 50. Kg3 Ke7
51. Kf4 Kd8 52. h4 Ke7 53. h5 Kf6 54. h6 Kg6 55. Rg7+ Kf6 56. Rg8 Rxf7 57.
Bxf7 Kxf7 58. h7 Ke7 59. h8=Q Kd7 60. Qh7# { Black checkmated } 1-0

[Event "ICC tourney 2354 (60 10)"]
[Site "Internet Chess Club"]
[Date "2021.01.31"]
[Round "6"]
[White "pirate6400"]
[Black "mnm1"]
[Result "0-1"]
[ICCResult "White resigns"]
[WhiteElo "1089"]
[BlackElo "1508"]
[Opening "Sicilian: Alapin's variation (2.c3)"]
[ECO "B22"]
[NIC "SI.46"]
[Time "16:00:32"]
[PlyCount "59"]
[TimeControl "3600+10"]

1. e4 c5 2. c3 d5 3. e5 Nc6 4. d4 cxd4 5. cxd4 Qb6 6. Nf3 Bg4 7. Be2 e6 8.
Qd3 Bxf3 9. Bxf3 Qxd4 10. Be2 Qxd3 11. Bxd3 Nxe5 12. Bb5+ Nd7 13. O-O Nf6
14. Re1 a6 15. Ba4 b5 16. Bb3 Bd6 17. Nc3 O-O 18. a4 b4 19. Na2 a5 20. Be3
Ng4 21. h3 Nxe3 22. Rxe3 Nc5 23. Bc2 Bf4 24. Rf3 Be5 25. Re1 Bxb2 26. Rf4
b3 27. Bb1 bxa2 28. Bxa2 Nd3 29. Re2 Nxf4 30. Rxb2 { White resigns } 0-1

[Event "ICC tourney 2354 (60 10)"]
[Site "Internet Chess Club"]
[Date "2021.01.31"]
[Round "6"]
[White "SAHYMS-Subi"]
[Black "arhanj"]
[Result "0-1"]
[ICCResult "White checkmated"]
[WhiteElo "1156"]
[BlackElo "1300"]
[Opening "English: Carls' Bremen system"]
[ECO "A22"]
[NIC "EO.10"]
[Time "16:00:52"]
[PlyCount "70"]
[TimeControl "3600+10"]

1. c4 e5 2. Nc3 Nf6 3. g3 Nc6 4. Bg2 Bc5 5. e3 d6 6. Nge2 Be6 7. d4 exd4 8.
exd4 Bxc4 9. dxc5 dxc5 10. O-O O-O 11. Qa4 Bxe2 12. Nxe2 Nd4 13. Nxd4 cxd4
14. Bxb7 Rb8 15. Bg2 d3 16. Rd1 c5 17. Qc4 Qa5 18. Rxd3 Qe1+ 19. Bf1 Ne4
20. Be3 Qxa1 21. Bc1 Rb4 22. Qd5 Qxc1 23. Rd1 Qg5 24. Qd3 Qf6 25. Bg2 Qxf2+
26. Kh1 Rd4 27. Qf1 Qxf1+ 28. Rxf1 Nf6 29. h4 Rd2 30. Kh2 Rxb2 31. Rf5 c4
32. Rc5 Ng4+ 33. Kh3 Ne3 34. Bd5 Rb1 35. Bxc4 Rh1# { White checkmated } 0-1

[Event "ICC tourney 2354 (60 10)"]
[Site "Internet Chess Club"]
[Date "2021.01.31"]
[Round "6"]
[White "stawad"]
[Black "AlexaL"]
[Result "1-0"]
[ICCResult "Black checkmated"]
[WhiteElo "876"]
[BlackElo "723"]
[Opening "Queen's pawn, Mason variation"]
[ECO "D00"]
[NIC "QP.08"]
[Time "16:00:13"]
[PlyCount "55"]
[TimeControl "3600+10"]

1. d4 d5 2. Bf4 e6 3. e3 c6 4. c3 f5 5. Nf3 Nf6 6. Bd3 Be7 7. Nbd2 O-O 8.
O-O Ne4 9. Ne5 Nd7 10. Nb3 Bd6 11. Nxd7 Qxd7 12. Bxe4 fxe4 13. Nc5 Qc7 14.
Bg3 Bxg3 15. fxg3 Rxf1+ 16. Qxf1 Bd7 17. Qe2 Rf8 18. Rf1 Rxf1+ 19. Qxf1 b6
20. Na6 Qd8 21. Qf4 Qe8 22. Nc7 Qh5 23. g4 Qh4 24. g3 Qh3 25. b3 a5 26. a4
b5 27. Kh1 Kh8 28. Qf8# { Black checkmated } 1-0

[Event "ICC tourney 2354 (60 10)"]
[Site "Internet Chess Club"]
[Date "2021.01.31"]
[Round "6"]
[White "andrew166"]
[Black "SamPozen"]
[Result "1-0"]
[ICCResult "Black resigns"]
[WhiteElo "1525"]
[BlackElo "1293"]
[Opening "Sicilian: Najdorf, Lipnitzky attack"]
[ECO "B86"]
[NIC "SI.13"]
[Time "16:00:27"]
[PlyCount "123"]
[TimeControl "3600+10"]

1. e4 c5 2. Nf3 d6 3. d4 cxd4 4. Nxd4 Nf6 5. Nc3 a6 6. Bc4 e6 7. Be3 Be7 8.
f3 O-O 9. Qd2 b5 10. Bb3 e5 11. Nde2 Nc6 12. O-O-O b4 13. Nd5 a5 14. Nxe7+
Nxe7 15. Qxd6 Bd7 16. Bb6 Qe8 17. Bc5 Nc8 18. Qxf8+ Qxf8 19. Bxf8 Kxf8 20.
c3 Bb5 21. Rhe1 a4 22. Bc2 b3 23. axb3 axb3 24. Bxb3 Ra1+ 25. Kd2 Ra7 26.
c4 Ba4 27. Kc3 Bxb3 28. Kxb3 Rb7+ 29. Kc3 Ke7 30. Nc1 Nb6 31. b3 Nfd7 32.
Nd3 f6 33. Ra1 Ke6 34. g4 g6 35. Re2 f5 36. Rea2 Nf6 37. Nc5+ Ke7 38. Nxb7
fxe4 39. Ra6 Nbd7 40. Rxf6 Nxf6 41. fxe4 Nxe4+ 42. Kd3 Nf2+ 43. Ke2 Nxg4
44. c5 Kd7 45. Rc1 Kc7 46. c6 Nxh2 47. b4 Ng4 48. b5 Nf6 49. b6+ Kc8 50.
Nd6+ Kd8 51. c7+ Ke7 52. c8=Q Kxd6 53. b7 Kd5 54. Qd8+ Ke4 55. Qxf6 g5 56.
Qxg5 h6 57. Qxh6 Kf5 58. Qh5+ Kf6 59. Rc5 Kg7 60. Qxe5+ Kf7 61. Qd6 Kg7 62.
Rc7+ { Black resigns } 1-0

[Event "ICC tourney 2354 (60 10)"]
[Site "Internet Chess Club"]
[Date "2021.01.31"]
[Round "6"]
[White "Fenton2011"]
[Black "Ken121"]
[Result "1/2-1/2"]
[ICCResult "Game drawn by mutual agreement"]
[WhiteElo "1177"]
[BlackElo "1145"]
[Opening "English: symmetrical variation"]
[ECO "A36"]
[NIC "EO.64"]
[Time "16:01:02"]
[PlyCount "64"]
[TimeControl "3600+10"]

1. c4 c5 2. Nc3 Nc6 3. g3 e6 4. Bg2 Nf6 5. Nf3 Be7 6. O-O O-O 7. d3 d5 8.
cxd5 exd5 9. Bf4 Bd6 10. Bg5 Be7 11. Rc1 h6 12. Bd2 b6 13. Re1 Bb7 14. e4
d4 15. Nd5 Re8 16. Nxe7+ Rxe7 17. Bf4 Nd7 18. Bd6 Re8 19. Qb3 Nce5 20. Nxe5
Nxe5 21. Bxe5 Rxe5 22. f4 Re8 23. Rf1 Bc8 24. e5 Rb8 25. Rce1 Bf5 26. Bd5
Re7 27. Bg2 Re8 28. h3 h5 29. Qd1 g6 30. Be4 Bxh3 31. Bg2 Bg4 32. Qc2 Bf5 {
Game drawn by mutual agreement } 1/2-1/2

[Event "ICC tourney 2354 (60 10)"]
[Site "Internet Chess Club"]
[Date "2021.01.31"]
[Round "6"]
[White "bogglylogs"]
[Black "liud28"]
[Result "1-0"]
[ICCResult "Black resigns"]
[WhiteElo "1460"]
[BlackElo "1060"]
[Opening "French: advance variation"]
[ECO "C02"]
[NIC "FR.03"]
[Time "16:00:21"]
[PlyCount "133"]
[TimeControl "3600+10"]

1. e4 e6 2. d4 d5 3. e5 c5 4. c3 a6 5. Be3 Qb6 6. Qd2 Nc6 7. Nf3 c4 8. Be2
Qc7 9. O-O g6 10. Qc2 Bg7 11. Nbd2 b5 12. b3 Na7 13. Rfc1 Ne7 14. Nf1 Nf5
15. Bf4 Bd7 16. Ng3 Nxg3 17. Bxg3 Nc8 18. bxc4 bxc4 19. Rab1 Ne7 20. Rb4
O-O 21. Rcb1 Rab8 22. Bh4 Nf5 23. Bg3 a5 24. R4b2 Bc6 25. Bf4 Rxb2 26. Rxb2
Qd7 27. g4 Ba4 28. Qd2 Ne7 29. Bh6 f6 30. Bxg7 Kxg7 31. exf6+ Rxf6 32. Qe3
h5 33. g5 Rf8 34. h4 Nf5 35. Qe5+ Kh7 36. Rb6 Ng7 37. Rd6 Qb7 38. Kg2 Qb2
39. Ra6 Qxc3 40. Ra7 Rg8 41. Qxe6 Ra8 42. Rc7 Re8 43. Re7 Qb4 44. Rxg7+
Kxg7 45. Qf6+ Kh7 46. Qf7+ Kh8 47. Ne5 Rg8 48. Nxg6+ Rxg6 49. Qxg6 c3 50.
Qh6+ Kg8 51. g6 Qe7 52. Bf3 Qg7 53. Bxd5+ Kf8 54. Qf4+ Ke7 55. Qc7+ Bd7 56.
Qxc3 Qxg6+ 57. Qg3 Qf6 58. Qe5+ Qxe5 59. dxe5 Be8 60. f4 Kf8 61. Kf3 Kg7
62. Ke4 Bd7 63. f5 Be8 64. Kf4 Kh6 65. e6 a4 66. Ke5 Kg7 67. f6+ { Black
resigns } 1-0

[Event "ICC tourney 2354 (60 10)"]
[Site "Internet Chess Club"]
[Date "2021.01.31"]
[Round "6"]
[White "Harshcrocodile"]
[Black "CBH142"]
[Result "1-0"]
[ICCResult "Black resigns"]
[WhiteElo "928"]
[BlackElo "1413"]
[Opening "Owen defense"]
[ECO "B00"]
[NIC "VO.01"]
[Time "16:00:24"]
[PlyCount "135"]
[TimeControl "3600+10"]

1. e4 b6 2. d4 Bb7 3. Nc3 e6 4. Nf3 Nf6 5. Bd3 Bb4 6. Qe2 d5 7. exd5 Nxd5
8. Bd2 Nc6 9. Nxd5 Bxd2+ 10. Qxd2 Qxd5 11. O-O Nxd4 12. Qe3 Nxf3+ 13. Qxf3
Qxf3 14. gxf3 Bxf3 15. Bb5+ c6 16. Bc4 O-O 17. Rfe1 Rad8 18. Be2 Be4 19.
Rac1 Rd2 20. Ba6 Rxc2 21. Rxc2 Bxc2 22. Rc1 Be4 23. Rd1 Bd5 24. a3 Rd8 25.
b4 Kf8 26. f4 Ke7 27. Kf2 Kf6 28. Bb7 Kf5 29. Kg3 Rd7 30. Ba6 h5 31. h4 b5
32. Rd2 Ke4 33. Re2+ Kf5 34. Re5+ Kg6 35. Rg5+ Kh6 36. a4 Bc4 37. axb5 cxb5
38. Bxb5 Rd3+ 39. Kg2 Rd2+ 40. Kg3 Bxb5 41. Rxb5 Rd4 42. Rb7 Kg6 43. b5 Rb4
44. Rb8 Kf6 45. Rb7 Rb2 46. Kf3 e5 47. fxe5+ Kxe5 48. Rxa7 Rxb5 49. Rxf7 g5
50. hxg5 Ke6 51. g6 Rg5 52. Rh7 Kf6 53. g7 Rg6 54. Rxh5 Rxg7 55. Rh4 Ke6
56. Re4+ Kf6 57. Rf4+ Ke5 58. Re4+ Kd5 59. Rg4 Rf7+ 60. Rf4 Rh7 61. Rf5+
Ke6 62. Rg5 Rh1 63. Rg6+ Ke7 64. Rg7+ Kf8 65. Rg2 Rf1+ 66. Rf2 Rh1 67. Kg2+
Kg7 68. Kxh1 { Black resigns } 1-0

[Event "ICC tourney 2354 (60 10)"]
[Site "Internet Chess Club"]
[Date "2021.01.31"]
[Round "6"]
[White "chessamongus"]
[Black "Yamato1945"]
[Result "1-0"]
[ICCResult "Black checkmated"]
[WhiteElo "1705"]
[BlackElo "1397"]
[Opening "Caro-Kann: classical, 6.h4"]
[ECO "B18"]
[NIC "CK.11"]
[Time "16:00:27"]
[PlyCount "45"]
[TimeControl "3600+10"]

1. e4 c6 2. d4 d5 3. Nc3 dxe4 4. Nxe4 Bf5 5. Ng3 Bg6 6. h4 h6 7. N1e2 Nf6
8. Nf4 Bh7 9. Bc4 e6 10. c3 Bd6 11. Qe2 Nbd7 12. Ngh5 Nxh5 13. Nxh5 g6 14.
Ng7+ Kf8 15. Bxh6 Kg8 16. Nxe6 Qe7 17. Ng5 Qxe2+ 18. Kxe2 Re8+ 19. Kf1 Re7
20. Re1 Rxe1+ 21. Kxe1 Ne5 22. dxe5 Bc5 23. Bxf7# { Black checkmated } 1-0

[Event "ICC tourney 2354 (60 10)"]
[Site "Internet Chess Club"]
[Date "2021.01.31"]
[Round "6"]
[White "georgebg"]
[Black "thihansa"]
[Result "0-1"]
[ICCResult "White checkmated"]
[WhiteElo "1004"]
[BlackElo "1231"]
[Opening "French: exchange, Svenonius variation"]
[ECO "C01"]
[NIC "FR.01"]
[Time "16:00:25"]
[PlyCount "104"]
[TimeControl "3600+10"]

1. e4 e6 2. d4 d5 3. exd5 exd5 4. Nc3 Nf6 5. Bg5 Be7 6. Nf3 Bg4 7. Bxf6
Bxf6 8. Be2 O-O 9. O-O c6 10. Qd3 Nd7 11. h3 Bxf3 12. Bxf3 Qc7 13. Bg4 Rfe8
14. Rad1 Nf8 15. Qg3 Qxg3 16. fxg3 Ne6 17. Bxe6 Rxe6 18. Rf4 Rae8 19. Kf2
b5 20. a4 bxa4 21. Nxa4 Re2+ 22. Kf1 Rxc2 23. Rf2 Rxf2+ 24. Kxf2 Re4 25.
Nc5 Bxd4+ 26. Rxd4 Rxd4 27. Nb3 Rb4 28. Na5 Rxb2+ 29. Ke3 c5 30. Kf3 c4 31.
Nc6 c3 32. Nd4 c2 33. Nxc2 Rxc2 34. Ke3 a5 35. Kd3 Rb2 36. Kc3 Rxg2 37. Kb3
Rxg3+ 38. Ka4 Rxh3 39. Kxa5 Rc3 40. Kb4 Rc8 41. Kb5 d4 42. Kb6 d3 43. Kb7
Rc2 44. Kb6 d2 45. Kb5 d1=Q 46. Kb4 f5 47. Ka3 Qb1 48. Ka4 f4 49. Ka5 f3
50. Ka6 f2 51. Ka7 f1=Q 52. Ka8 Qa6# { White checkmated } 0-1

[Event "ICC tourney 2354 (60 10)"]
[Site "Internet Chess Club"]
[Date "2021.01.31"]
[Round "6"]
[White "CICyclones"]
[Black "Jagaram"]
[Result "1/2-1/2"]
[ICCResult "Game drawn by repetition"]
[WhiteElo "1552"]
[BlackElo "1367"]
[Opening "KP: Nimzovich defense"]
[ECO "B00"]
[NIC "VO.05"]
[Time "16:00:16"]
[PlyCount "91"]
[TimeControl "3600+10"]

1. e4 Nc6 2. Nf3 d5 3. exd5 Qxd5 4. Nc3 Qh5 5. Be2 Bg4 6. h3 Nf6 7. d3
O-O-O 8. O-O e5 9. hxg4 Nxg4 10. Ne4 Nd4 11. Nh4 Nxe2+ 12. Qxe2 Qxh4 13.
Qxg4+ Qxg4 14. Be3 b6 15. a4 f5 16. f3 Qg6 17. Nc3 f4 18. Bf2 Bc5 19. Bxc5
bxc5 20. a5 Qc6 21. a6 c4 22. Rfc1 Qb6+ 23. Kf1 cxd3 24. cxd3 Rxd3 25. Na4
Qd4 26. Nc5 Re3 27. Ra4 Qxb2 28. Rac4 Qb5 29. Ne6 Qxa6 30. Nxc7 Qxc4+ 31.
Rxc4 Kb7 32. Ne6 Rc8 33. Rb4+ Ka8 34. Nxg7 Rc1+ 35. Kf2 Rec3 36. Ke2 R1c2+
37. Kd1 Rxg2 38. Ne6 Rc8 39. Re4 Rc6 40. Rxe5 Rb6 41. Kc1 Rg1+ 42. Kc2 Rc6+
43. Kd2 Rg2+ 44. Kd1 Rg1+ 45. Kd2 Rg2+ 46. Kd1 { Game drawn by repetition }
1/2-1/2

[Event "ICC tourney 2354 (60 10)"]
[Site "Internet Chess Club"]
[Date "2021.01.31"]
[Round "6"]
[White "vihaan2011"]
[Black "SAAaron"]
[Result "1-0"]
[ICCResult "Black resigns"]
[WhiteElo "1307"]
[BlackElo "1627"]
[Opening "Giuoco Piano"]
[ECO "C54"]
[NIC "IG.02"]
[Time "16:01:18"]
[PlyCount "41"]
[TimeControl "3600+10"]

1. e4 e5 2. Nf3 Nc6 3. Bc4 Bc5 4. c3 Nf6 5. d3 d6 6. O-O O-O 7. h3 Be6 8.
Bb3 h6 9. Nbd2 Bb6 10. Re1 Nh5 11. d4 Nf4 12. d5 Bxh3 13. dxc6 Bxg2 14.
cxb7 Rb8 15. Nc4 Qf6 16. Bxf4 Qg6 17. Bg3 Qxg3 18. Nxb6 Qg4 19. Nh2 Qg6 20.
Qg4 Bh3 21. Qxg6 { Black resigns } 1-0

[Event "ICC tourney 2354 (60 10)"]
[Site "Internet Chess Club"]
[Date "2021.01.31"]
[Round "6"]
[White "FabulousRocket"]
[Black "SAHYmilana"]
[Result "1-0"]
[ICCResult "Black resigns"]
[WhiteElo "1101"]
[BlackElo "1372"]
[Opening "QGD: exchange, positional line"]
[ECO "D35"]
[NIC "QO.16"]
[Time "16:01:02"]
[PlyCount "97"]
[TimeControl "3600+10"]

1. d4 d5 2. c4 e6 3. Nc3 Nf6 4. cxd5 exd5 5. Bg5 Be7 6. e3 O-O 7. Bd3 Nc6
8. Nf3 Bg4 9. Bxf6 Bxf6 10. Qb3 Bxf3 11. gxf3 Ne7 12. Qxb7 Qd7 13. Qb3 c6
14. Qc2 h6 15. O-O-O Rab8 16. Rhg1 Rb7 17. Na4 Qc7 18. Nc5 Rb6 19. Rd2 Qxh2
20. Rg3 Rfb8 21. b3 Rd8 22. Qd1 Bh4 23. Rg1 Bxf2 24. Rh1 Qg2 25. Kb2 Qg3
26. Qe2 Bg1 27. Rd1 Bf2 28. Rdf1 Qg2 29. Qxf2 Qxf2+ 30. Rxf2 Rd6 31. Rg2
Kh8 32. Na4 Rb8 33. Nc3 Rf6 34. Be2 Nf5 35. Nd1 Re6 36. Bd3 Nxe3 37. Nxe3
Rxe3 38. Be2 Rbe8 39. Bd1 Rd3 40. Rhg1 g6 41. Rh2 h5 42. f4 Rxd4 43. Bxh5
Kg7 44. f5 Kf6 45. fxg6 fxg6 46. Rxg6+ Kf5 47. Rf2+ Ke4 48. Re2+ Kd3 49.
Rg3+ { Black resigns } 1-0

[Event "ICC tourney 2354 (60 10)"]
[Site "Internet Chess Club"]
[Date "2021.01.31"]
[Round "6"]
[White "riaanj"]
[Black "deviyer"]
[Result "1-0"]
[ICCResult "Black checkmated"]
[WhiteElo "960"]
[BlackElo "1194"]
[Opening "Sicilian: Alapin's variation (2.c3)"]
[ECO "B22"]
[NIC "SI.46"]
[Time "16:00:34"]
[PlyCount "107"]
[TimeControl "3600+10"]

1. e4 c5 2. c3 g6 3. d4 cxd4 4. cxd4 Bg7 5. Nf3 Nc6 6. Nc3 d6 7. Bb5 Bd7 8.
O-O Nf6 9. Re1 O-O 10. Be3 a6 11. Bc4 Be6 12. d5 Na5 13. dxe6 Nxc4 14.
exf7+ Rxf7 15. Bf4 Nxb2 16. Qb3 Nd3 17. Ng5 Nxe1 18. Nxf7 Qf8 19. Nxd6+ Kh8
20. Nf7+ Kg8 21. Ng5+ Kh8 22. Rxe1 Nh5 23. Nf7+ Kg8 24. Ng5+ Kh8 25. Ne6
Qf6 26. Nxg7 Nxf4 27. g3 Nd3 28. Rf1 Qxg7 29. Qxb7 Rf8 30. Nd5 Qf7 31. Qa7
Nxf2 32. Qxf2 Qxf2+ 33. Rxf2 Rc8 34. Nxe7 Rc1+ 35. Kg2 Re1 36. Rf4 Re2+ 37.
Kh3 Rxa2 38. e5 Re2 39. Nc6 a5 40. Rf8+ Kg7 41. Re8 a4 42. e6 a3 43. e7 a2
44. Ra8 Kf7 45. Kg4 h5+ 46. Kf3 Re1 47. Rxa2 Rf1+ 48. Ke2 Rh1 49. Ra8 Rxh2+
50. Kf3 Rc2 51. e8=Q+ Kf6 52. Qe7+ Kf5 53. Ra5+ Rc5 54. Rxc5# { Black
checkmated } 1-0

[Event "ICC tourney 2354 (60 10)"]
[Site "Internet Chess Club"]
[Date "2021.01.31"]
[Round "6"]
[White "kevin2010"]
[Black "JoRDy2025"]
[Result "0-1"]
[ICCResult "White resigns"]
[WhiteElo "1126"]
[BlackElo "1420"]
[Opening "Queen's pawn game"]
[ECO "D05"]
[NIC "QP.08"]
[Time "16:01:02"]
[PlyCount "44"]
[TimeControl "3600+10"]

1. d4 d5 2. Nf3 Nf6 3. e3 e6 4. Bd3 Be7 5. O-O O-O 6. Nbd2 b6 7. e4 c5 8.
c3 dxe4 9. Nxe4 Bb7 10. Nxf6+ Bxf6 11. Re1 cxd4 12. cxd4 Nc6 13. Qc2 Nxd4
14. Nxd4 Qxd4 15. Bxh7+ Kh8 16. Be4 Bxe4 17. Rxe4 Rac8 18. Qe2 Qc5 19. Be3
Qc2 20. Qxc2 Rxc2 21. Bd4 Rc4 22. Rc1 Rxc1+ { White resigns } 0-1

[Event "ICC tourney 2354 (60 10)"]
[Site "Internet Chess Club"]
[Date "2021.01.31"]
[Round "6"]
[White "JacobBolk"]
[Black "xiaoyiyi"]
[Result "1-0"]
[ICCResult "Black checkmated"]
[WhiteElo "1057"]
[BlackElo "1422"]
[Opening "Sicilian: Kan, 5.Nc3"]
[ECO "B43"]
[NIC "SI.41"]
[Time "16:00:50"]
[PlyCount "39"]
[TimeControl "3600+10"]

1. e4 c5 2. Nf3 e6 3. d4 cxd4 4. Nxd4 a6 5. Nc3 Qc7 6. Bd3 Nf6 7. Bg5 Be7
8. O-O O-O 9. Re1 d6 10. Qf3 Nbd7 11. Qg3 Rd8 12. Re3 Ne5 13. Rd1 Nfg4 14.
Bxe7 Qxe7 15. Ree1 Nf6 16. Qg5 Qc7 17. Re3 Qc5 18. Rg3 Neg4 19. Rxg4 Nxg4
20. Qxd8# { Black checkmated } 1-0

[Event "ICC tourney 2354 (60 10)"]
[Site "Internet Chess Club"]
[Date "2021.01.31"]
[Round "6"]
[White "MeeraBLab"]
[Black "powerfulchess"]
[Result "1/2-1/2"]
[ICCResult "Game drawn by mutual agreement"]
[WhiteElo "1177"]
[BlackElo "928"]
[Opening "Pirc defense"]
[ECO "B07"]
[NIC "PU.04"]
[Time "16:00:21"]
[PlyCount "72"]
[TimeControl "3600+10"]

1. e4 d6 2. d4 Nf6 3. Nc3 g6 4. f3 Nc6 5. Be3 b6 6. Bc4 Bb7 7. Nge2 Bg7 8.
O-O O-O 9. Qd2 Re8 10. Bh6 Bh8 11. h4 e5 12. d5 Nd4 13. Nxd4 exd4 14. Qxd4
Nxe4 15. Qd3 Nc5 16. Qd1 Qxh4 17. Qd2 Qxc4 18. f4 Qd4+ 19. Qxd4 Bxd4+ 20.
Kh1 Bxc3 21. bxc3 Bxd5 22. f5 Re5 23. Bd2 Re2 24. Rfd1 Bxg2+ 25. Kg1 Ne4
26. Be1 Bh3 27. fxg6 Rg2+ 28. Kh1 fxg6 29. Rd3 Rg3 30. Bxg3 Nxg3+ 31. Rxg3
Bf5 32. Rc1 Kg7 33. Kg2 Rh8 34. Re1 h5 35. Re7+ Kf6 36. Rxc7 h4 { Game
drawn by mutual agreement } 1/2-1/2

[Event "ICC tourney 2354 (60 10)"]
[Site "Internet Chess Club"]
[Date "2021.01.31"]
[Round "6"]
[White "ToughTurtle"]
[Black "DanielBolk"]
[Result "1/2-1/2"]
[ICCResult "Game drawn by mutual agreement"]
[WhiteElo "1467"]
[BlackElo "1279"]
[Opening "Caro-Kann: exchange variation"]
[ECO "B13"]
[NIC "CK.02"]
[Time "16:01:13"]
[PlyCount "113"]
[TimeControl "3600+10"]

1. e4 c6 2. d4 d5 3. exd5 cxd5 4. Bd3 Nf6 5. c3 Nc6 6. Nf3 Bg4 7. Be2 e6 8.
O-O Bd6 9. h3 Bh5 10. Be3 O-O 11. Nbd2 Qc7 12. c4 Rac8 13. Bg5 Nd7 14. cxd5
exd5 15. Qb3 Nb6 16. Rac1 Qd7 17. Bd3 h6 18. Be3 Bb8 19. a3 Ne7 20. Rxc8
Rxc8 21. Bb5 Qc7 22. Re1 Nf5 23. g4 Nxe3 24. Qxe3 Bg6 25. Ne5 Qc2 26. Nxg6
Qxg6 27. Bd3 Qc6 28. Kg2 Nc4 29. Nxc4 dxc4+ 30. Be4 Qc7 31. Kf1 b6 32. Bf5
Rf8 33. Qe5 Qxe5 34. dxe5 Re8 35. e6 fxe6 36. Bxe6+ Kf8 37. Bxc4 Rxe1+ 38.
Kxe1 Ke7 39. Ke2 Be5 40. b3 Kd6 41. a4 Kc5 42. Kd3 Kd6 43. Ke4 Bf6 44. Kf5
Bd4 45. f4 a5 46. g5 h5 47. Kg6 h4 48. f5 Ke7 49. Be6 Bc3 50. Kh5 Be1 51.
Kg4 Bf2 52. Kf3 Be1 53. Kf4 Bd2+ 54. Ke5 Bxg5 55. Kd5 Be3 56. Kc4 Kf6 57.
Kd3 { Game drawn by mutual agreement } 1/2-1/2

[Event "ICC tourney 2354 (60 10)"]
[Site "Internet Chess Club"]
[Date "2021.01.31"]
[Round "6"]
[White "JudeNYC"]
[Black "batmanthechamp"]
[Result "0-1"]
[ICCResult "White checkmated"]
[WhiteElo "1622"]
[BlackElo "1434"]
[Opening "French: Wing gambit"]
[ECO "C00"]
[NIC "FR.01"]
[Time "16:01:01"]
[PlyCount "94"]
[TimeControl "3600+10"]

1. e4 e6 2. Nf3 d5 3. e5 c5 4. b4 b6 5. bxc5 bxc5 6. c3 Nc6 7. d4 Qb6 8.
Qb3 cxd4 9. Qxb6 axb6 10. cxd4 Nge7 11. a3 Nf5 12. Bb2 Be7 13. Bb5 Bd7 14.
O-O Nxe5 15. dxe5 Bxb5 16. Rc1 O-O 17. g4 Nh6 18. Nd4 Bc4 19. h3 Bg5 20.
Rc2 Rac8 21. Nf3 Bf4 22. Bd4 Bd3 23. Rb2 Rc1+ 24. Kg2 Bf1+ 25. Kh1 Bxh3+
26. Ng1 Nxg4 27. f3 Nxe5 28. Re2 Nxf3 29. a4 Nxd4 30. Rf2 Be3 31. Kh2 Bxf2
32. Nxh3 Be3 33. Kg2 Nb3 34. Ra2 Rxb1 35. Re2 d4 36. Kf3 Nd2+ 37. Kg2 Nc4
38. Kf3 Rf1+ 39. Ke4 f5+ 40. Kd3 Ne5+ 41. Kc2 d3+ 42. Kc3 dxe2 43. Kb4
e1=Q+ 44. Kb5 Qb1+ 45. Ka6 Qd3+ 46. Kb7 Qd7+ 47. Ka6 Ra8# { White
checkmated } 0-1

[Event "ICC tourney 2354 (60 10)"]
[Site "Internet Chess Club"]
[Date "2021.01.31"]
[Round "6"]
[White "ILoveChess11"]
[Black "IronFocus"]
[Result "0-1"]
[ICCResult "White checkmated"]
[WhiteElo "1670"]
[BlackElo "1548"]
[Opening "Sicilian: Canal-Sokolsky attack, Sokolsky variation"]
[ECO "B52"]
[NIC "SI.01"]
[Time "16:00:39"]
[PlyCount "122"]
[TimeControl "3600+10"]

1. e4 c5 2. Nf3 d6 3. Bb5+ Bd7 4. Bxd7+ Qxd7 5. c4 Nc6 6. d4 cxd4 7. Nxd4
Rc8 8. Nc3 Nf6 9. Be3 g6 10. f3 Bg7 11. b3 O-O 12. O-O Qc7 13. Rc1 e6 14.
Nxc6 bxc6 15. f4 Nd7 16. Qd2 d5 17. cxd5 exd5 18. exd5 Rfd8 19. dxc6 Nb6
20. Qf2 Qxc6 21. Na4 Qb7 22. Nxb6 axb6 23. Bxb6 Rxc1 24. Rxc1 Ra8 25. a4
Rb8 26. a5 Qe4 27. Rd1 Bh6 28. Qd4 Qe2 29. Rf1 Bg7 30. Qf2 Qd3 31. b4 Rxb6
32. axb6 Bd4 33. b7 Bxf2+ 34. Rxf2 Qd1+ 35. Rf1 Qd4+ 36. Kh1 Qxb4 37. h3
Qxb7 38. Kh2 Qe4 39. Rf3 Kg7 40. Kg3 Qe2 41. Kh2 Kf6 42. Kg3 Kf5 43. Ra3
Qe1+ 44. Kh2 Qe4 45. Rf3 Qxf3 46. gxf3 Kxf4 47. Kg2 g5 48. Kf2 h5 49. Kg2
h4 50. Kf2 f6 51. Kg2 Ke3 52. Kh2 Kxf3 53. Kh1 Kg3 54. Kg1 f5 55. Kf1 f4
56. Kg1 f3 57. Kf1 g4 58. hxg4 h3 59. Kg1 h2+ 60. Kh1 f2 61. g5 f1=Q# {
White checkmated } 0-1